 Dungeon Crawl Stone Soup version 0.29-a0-559-g359e09b (webtiles) character file.

Game seed: 6745804327137643213

72 BingusPrime the Insei (level 4, -6/33 HPs)
             Began as a Djinni Transmuter on June 10, 2022.
             Mangled by a hobgoblin
             ... wielding the +8 mace of Anguish {drain, rC+}
              (15 damage)
             ... on level 3 of the Dungeon.
             The game lasted 00:16:04 (2915 turns).

BingusPrime the Insei (Djinni Transmuter)           Turns: 2915, Time: 00:16:05

Health: -6/33      AC:  2    Str:  9    XL:     4   Next: 48%
Gold:   128        EV: 13    Int: 16    God:
                   SH:  0    Dex: 14

rFire   + + .      SeeInvis .     - Unarmed
rCold   x . .      Faith    .   (no shield)
rNeg    . . .      Spirit   .   a - +0 robe
rPois   ∞          Reflect  .   (helmet currently unavailable)
rElec   .          Harm     .   c - scarf {shadows}
rCorr   .          Rampage  .   (no gloves)
Will    .....                   (boots unavailable)
Stlth   +.........              (no amulet)
HPRegen 0.11/turn               (no ring)
MPRegen 0.00/turn               (no ring)

@: appendages (expiring), flying
A: horns 2, flying, sickness immunity, fire resistance 2, cold vulnerability 1,
float, innate caster, HP casting, extra vitality 1
a: End Transformation


You were on level 3 of the Dungeon.
You had temporarily grown beastly horns.
You visited 1 branch of the dungeon, and saw 3 of its levels.

You collected 128 gold pieces.

Inventory:

Hand Weapons
 u - a +0 hunting sling
Missiles
 h - 4 poisoned darts
 n - 37 stones (quivered)
 s - 3 datura-tipped darts
Armour
 a - a +0 robe (worn)
 c - a scarf of shadows (worn)
 d - a +0 leather armour
 v - a +1 hat (melded)
Scrolls
 e - a scroll of enchant weapon
 f - 2 scrolls of enchant armour {unknown}
 g - a scroll of fear
 j - 2 scrolls of identify
 l - a scroll of silence {unknown}
 m - a scroll of blinking {unknown}
 o - a scroll of amnesia {unknown}
 r - 2 scrolls of teleportation {unknown}
 t - a scroll of fog {unknown}
Potions
 b - 2 potions of lignification
 i - a potion of berserk rage {unknown}
 k - 2 potions of mutation {unknown}
 p - a potion of invisibility {unknown}
 q - 2 potions of heal wounds {unknown}


   Skills:
 + Level 2.0 Fighting
 + Level 3.0 Dodging
 + Level 3.5 Unarmed Combat
 + Level 2.1 Spellcasting


You couldn't memorise any spells.
You knew the following spells:

 Your Spells              Type           Power      Damage    Failure   Level
a - Beastly Appendage     Tmut           16%        N/A       9%          1
b - Wereblood             Tmut           8%         N/A       13%         2
c - Spider Form           Tmut/Pois      8%         N/A       26%         3
d - Ice Form              Ice/Tmut       8%         N/A       63%         4
e - Sting                 Tmut/Pois      32%        1d4       9%          1
Your spell library was empty.

Dungeon Overview and Level Annotations

Branches:
Dungeon (3/15)

Altars:


Innate Abilities, Weirdness & Mutations

You have temporarily grown beastly horns.
You are flying.
You are immune to sickness and miasma.
You are immune to poison.
Your flesh is very heat resistant. (rF++)
You are vulnerable to cold. (rC-)
You float through the air rather than walking.
You learn spells naturally, not from books.
Your magical power is your life essence.
You have superior vitality. (+4 MHP)


Message History

You grow a pair of large bovine horns.
Your +1 hat melds into your body.
The quokka barely misses you.
Casting: Beastly Appendage (safe; 9% risk of failure)
Confirm with . or Enter, or press ? or * to list all spells.
You miscast Wereblood.
You are very lightly contaminated with residual magic.
Nothing appears to happen.
The hobgoblin shouts!
The quokka barely misses you. The quokka attacks as you move away!
The quokka bites you. The adder barely misses you. The quokka bites you.
You hit the adder.
The adder is moderately wounded.
You kill the quokka!
The adder bites you.
A goblin comes into view. It is wielding a +0 club.
The adder bites you but does no damage.
You hit the adder.
The adder is almost dead.
The adder misses you.
You closely miss the adder.
The adder is almost dead.
The adder completely misses you.
You miss the adder.
The adder is almost dead.
The adder bites you but does no damage. The hobgoblin closely misses you.
You hit the hobgoblin.
The hobgoblin is heavily wounded.
Your transformation is almost over.
The adder completely misses you. The adder closely misses you.
Your magical contamination has completely faded away.
You closely miss the hobgoblin. Your headbutt misses the hobgoblin.
The hobgoblin is heavily wounded.
The hobgoblin hits you with the +8 mace of Anguish {drain, rC+}!
* * * LOW HITPOINT WARNING * * *
The adder misses you.
You closely miss the hobgoblin.
The hobgoblin is heavily wounded.
The hobgoblin hits you with the +8 mace of Anguish {drain, rC+}!
You die...

...# .#.# .. .
### #### .#.
#..###....
.)..##.#
#.....# #....#
##Sg..#
#@g...## .
#......##..#
..###..###...#
#...####...#.#
#...........#
###.##.#####.#
.......# .#
###.##.# .# #
#.# .#


You could see an adder, a hobgoblin and a goblin.

Vanquished Creatures
  An adder (D:2)
  2 worms (D:2)
  2 dart slugs
  2 orcs (D:3)
  A ball python (D:3)
  4 endoplasms
  2 giant cockroaches (D:1)
  4 goblins
  3 hobgoblins (D:2)
  2 quokkas
  7 bats
  4 frilled lizards
  9 kobolds
  6 rats
49 creatures vanquished.

Notes
Turn   | Place    | Note
-------+----------+-------------------------------------------
     0 | D:1      | BingusPrime the Djinni Transmuter began the quest for the
                  | Orb.
     0 | D:1      | Reached XP level 1. HP: 17/17 MP: 0/0
   334 | D:1      | Reached XP level 2. HP: 7/22 MP: 0/0
   698 | D:1      | Found a faded altar of an unknown god.
   974 | D:1      | Reached XP level 3. HP: 25/27 MP: 0/0
   974 | D:1      | Learned a level 1 spell: Sting
  1598 | D:2      | Reached XP level 4. HP: 22/33 MP: 0/0
  2900 | D:3      | Identified the +8 mace of Anguish {drain, rC+}
  2915 | D:3      | Mangled by a hobgoblin

Illustrated notes

Levels and vault maps discovered:
D:1:      lightli_arrival_lavapool, layout_loops_ring,
          hellmonk_ecumenical_altar_leap_of_faith, serial_bayou_pond_d
D:2:      layout_basic
D:3:      layout_loops_ring, portal_sewer_entry_d, minmay_misc_feat_iff

Skill      XL: |  1  2  3  4 |
---------------+-------------+-----
Spellcasting   | 2 |  2.1
Dodging        | 3 |  3.0
Fighting       | 2 |  2.0
Unarmed Combat | |  3.5

Action                   |  1- 3 |  4- 6 || total
-------------------------+-------+-------++-------
Melee: Unarmed           |   108 |    53 ||   161
       Headbutt          |    10 |     6 ||    16
       Punch             |     4 |     4 ||     8
 Fire: Hunting sling     |       |     2 ||     2
Throw: Stone             |       |     3 ||     3
 Cast: Beastly Appendage |    16 |    10 ||    26
       Wereblood         |     5 |     4 ||     9
       Sting             |       |     5 ||     5
  Use: Scroll            |     2 |     1 ||     3
       Potion            |     1 |     1 ||     2
Armor: Robe              |    16 |     8 ||    24
Dodge: Dodged            |    68 |    46 ||   114

Table legend: (Time is in decaauts)
 A = Elapsed time spent in this place.
 B = Non-inter-level travel time spent in this place.
 C = Inter-level travel time spent in this place.
 D = Time resting spent in this place.
 E = Time spent auto-exploring this place.
 F = Levels seen in this place.
 G = Mean time per level.
                   A        B        C        D        E       F      G
               +--------+--------+--------+--------+--------+-----+--------+
         Total |   2906 |   1740 |   1166 |   1085 |    167 |   3 |  968.7 |
       Dungeon |   2906 |   1740 |   1166 |   1085 |    167 |   3 |  968.7 |
               +--------+--------+--------+--------+--------+-----+--------+

Top non-repeatable levels by time:
     D:2: 1477 daAuts
     D:1: 1236 daAuts
     D:3: 192 daAuts
